Map: Rooftop Terrace

Players

neulaender - Winner!

  • Race: Zerg Zerg

Baumdoktor - Winner!

  • Race: Protoss Protoss

BennTenn - Winner!

  • Race: Terran Terran

A.I. 3 (Elite)

  • Race: Zerg Zerg

A.I. 4 (Elite)

  • Race: Zerg Zerg

A.I. 5 (Elite)

  • Race: Terran Terran

VOD

Have the link to the VOD?

Description

Time

  • Played on: Oct. 13, 2016, 4:25 p.m.
  • Length: 36:55
Show
View Real Time Build Order
Export as new Build Order

neulaender Zerg - Winner!

Build Orders: Hatch First 

Get SALT Encoding   

  12  0:01  Drone  
  13  0:08  Drone  
  14  0:18  Overlord  
  14  0:41  Drone  
  15  0:49  Hatchery  
  14  0:50  Drone  
  15  1:17  Spawning Pool  
  14  1:18  Drone  
  14  1:19  Drone, Extractor  
  14  1:20  Drone  
  16  1:31  Drone  
  17  1:40  Drone  
  18  1:56  Overlord  
  18  2:03  Queen  
  18  2:04  Queen  
  18  2:06  Drone x2  
  24  2:13  Drone x2  
  26  2:24  Drone  
  26  2:25  Drone  
  28  2:30  Metabolic Boost  
  28  2:34  Drone x2  
  30  2:45  Drone  
  30  2:46  Drone  
  32  2:51  Extractor  
  32  2:56  Drone  
  32  2:58  Drone  
  33  3:06  Drone  
  33  3:08  Drone  
  35  3:20  Drone  
  35  3:21  Overlord x2  
  35  3:22  Overlord x3  
  35  3:25  Lair  
  36  3:31  Evolution Chamber  
  36  3:33  Evolution Chamber  
  34  3:40  Roach Warren  
  33  3:49  Zergling x2  
  33  3:50  Zergling x6  
  37  3:56  Zergling x6  
  37  4:01  Zerg Missile Weapons Level 1  
  40  4:08  Zerg Ground Armor Level 1  
  40  4:22  Glial Reconstitution  
  40  4:24  Zergling x2  
  40  4:25  Zergling x8  
  44  4:40  Zergling x12  
  44  4:53  Roach  
  44  4:54  Roach x3  
  48  5:09  Roach x2  
  48  5:10  Roach x3  
  48  5:14  Drone  
  58  5:21  Roach  
  56  5:38  Roach x2  
  56  5:39  Roach  
  62  5:44  Drone x4  
  62  5:46  Drone x3  
  62  5:49  Tunneling Claws  
  69  5:52  Zergling x2  
  70  6:00  Overlord  
  70  6:15  Drone x4, Extractor  
  70  6:16  Zerg Missile Weapons Level 2  
  70  6:17  Extractor  
  72  6:20  Zergling x12  
  78  6:39  Drone  
  79  6:48  Zerg Ground Armor Level 2  
  79  6:53  Roach  
  79  6:54  Roach  
  83  6:56  Overlord x2  
  83  6:57  Hatchery, Overlord x5  
  82  7:17  Hatchery  
  81  7:33  Hydralisk Den  
  81  7:34  Drone x8  
  81  7:35  Drone x2  
  90  7:37  Overlord  
  90  7:46  Roach  
  92  8:01  Roach x8  
  87  8:22  Roach x6  
  79  8:30  Roach  
  79  8:31  Queen, Roach x2  
  79  8:33  Queen  
  81  8:45  Spire  
  81  8:46  Drone  
  81  8:48  Drone  
  81  8:50  Drone  
  81  8:51  Drone  
  81  8:53  Drone  
  81  8:55  Extractor  
  84  8:56  Zergling x8, Extractor  
  84  8:57  Zergling x6  
  90  9:05  Drone  
  90  9:07  Drone x2  
  90  9:08  Drone x3  
  96  9:24  Drone x2  
  98  9:31  Zergling x2  
  98  9:32  Zergling x10  
  104  9:57  Zerg Flyer Armor Level 1  
  104  9:59  Mutalisk  
  104  10:00  Mutalisk x11  
  104  10:05  Drone  
  104  10:06  Drone x2  
  131  10:17  Mutalisk  
  131  10:18  Mutalisk x2  
  137  11:11  Mutalisk x8  
  148  11:31  Mutalisk  
  148  11:32  Mutalisk x3  
  156  11:39  Zergling x8  
  160  12:19  Zerg Flyer Weapons Level 1  
  139  12:45  Zergling x2  
  139  12:46  Zergling x34  
  139  12:47  Zergling x10  
  142  13:24  Zerg Melee Weapons Level 1  
  142  13:30  Infestation Pit  
  137  13:41  Mutalisk x3  
  137  13:42  Mutalisk x8  
  137  13:45  Overlord x4  
  146  14:04  Zergling x2  
  146  14:05  Zergling x32  
  163  14:13  Zerg Flyer Armor Level 2  
  139  14:38  Mutalisk  
  119  14:39  Mutalisk x11  
  143  14:48  Drone x3  
  145  15:07  Hive  
  126  15:14  Zergling x2  
  126  15:15  Zergling x22  
  135  15:42  Mutalisk  
  135  15:43  Mutalisk x5  
  135  15:46  Zergling x12  
  135  15:47  Zergling x10  
  156  16:15  Zergling x2  
  156  16:16  Zergling x16  
  139  16:28  Zergling x2  
  139  16:29  Zergling x8  
  132  16:37  Mutalisk  
  132  16:38  Mutalisk x2  
  134  16:50  Zerg Flyer Weapons Level 2  
  131  17:06  Zergling x2  
  131  17:07  Zergling x34  
  131  17:08  Zergling x2  
  150  17:21  Hatchery  
  148  17:38  Mutalisk x10  
  162  18:31  Mutalisk  
  162  18:32  Mutalisk x4  
  164  18:56  Zergling x2  
  164  18:57  Zergling x28  
  179  19:14  Zergling x2  
  179  19:15  Zergling x8  
  179  19:16  Queen x2  
  188  19:17  Queen x2  
  184  19:28  Zerg Flyer Armor Level 3  
  90  22:03  Mutalisk x3  
  90  22:04  Mutalisk x8  
  110  22:15  Zergling x6  
  111  22:16  Zergling x40  
  133  22:29  Extractor  
  132  22:31  Extractor  
  132  22:34  Extractor  
  132  22:37  Extractor  
  129  22:41  Zergling x2  
  129  22:42  Zergling x18  
  137  23:03  Drone x2  
  108  23:34  Mutalisk  
  108  23:35  Mutalisk x17  
  108  23:40  Zerg Flyer Weapons Level 3  
  124  24:50  Mutalisk x7  
  138  24:54  Zergling x18  
  138  24:55  Zergling x28  
  161  25:06  Adrenal Glands  
  161  25:11  Zergling x10  
  166  25:28  Overlord  
  166  25:29  Overlord  
  166  25:30  Zergling x2  
  166  25:31  Zergling x20  
  149  26:02  Zergling x2  
  149  26:03  Zergling x30  
  159  27:16  Zergling x2  
  159  27:17  Zergling x4  
  159  27:18  Zergling x24  
  174  27:29  Mutalisk  
  174  27:30  Mutalisk x4  
  157  27:40  Mutalisk  
  157  27:41  Mutalisk x4  
  166  27:50  Mutalisk x2  
  131  28:11  Mutalisk x7  
  135  28:29  Zergling x2  
  135  28:30  Zergling x20  
  131  28:43  Zergling x2  
  131  28:44  Zergling x8  
  58  29:51  Hydralisk  
  58  29:52  Hydralisk x11  
  80  29:55  Zergling x18  
  73  32:06  Muscular Augments  
  56  33:07  Mutalisk  
  56  33:08  Mutalisk x2  
  32  34:58  Zergling x4  
  32  36:25  Zergling x4  
  33  36:26  Zergling x4  
Show
View Real Time Build Order
Export as new Build Order

Baumdoktor Protoss - Winner!

Build Orders: 1 Gate Expand 

Get SALT Encoding   

  12  0:02  Probe (Chrono Boost)  
  13  0:13  Probe (Chrono Boost)  
  14  0:19  Pylon  
  14  0:23  Probe (Chrono Boost)  
  15  0:37  Probe (Chrono Boost)  
  16  0:43  Gateway  
  16  0:47  Probe (Chrono Boost)  
  17  1:12  Nexus  
  17  1:18  Probe (Chrono Boost)  
  18  1:32  Assimilator  
  18  1:37  Assimilator  
  18  1:41  Cybernetics Core  
  18  1:44  Pylon  
  18  1:48  Probe (Chrono Boost)  
  19  1:59  Probe (Chrono Boost)  
  20  2:09  Probe (Chrono Boost)  
  21  2:20  Probe (Chrono Boost)  
  22  2:30  Probe (Chrono Boost)  
  22  2:36  Twilight Council  
  23  2:39  Gateway  
  23  2:41  Probe (Chrono Boost)  
  24  2:44  Gateway  
  24  2:50  Gateway  
  25  2:51  Probe (Chrono Boost)  
  25  2:56  Probe (Chrono Boost)  
  26  3:06  Probe (Chrono Boost)  
  27  3:14  Mothership Core (Chrono Boost)  
  27  3:17  Probe (Chrono Boost)  
  30  3:27  Probe (Chrono Boost)  
  30  3:30  Warp Gate  
  30  3:32  Probe (Chrono Boost)  
  30  3:33  Charge  
  32  3:38  Probe (Chrono Boost)  
  33  3:43  Probe (Chrono Boost)  
  33  3:48  Adept x3  
  40  3:52  Adept  
  42  4:05  Probe (Chrono Boost)  
  43  4:15  Probe (Chrono Boost)  
  44  4:26  Probe (Chrono Boost)  
  44  4:36  Probe (Chrono Boost)  
  44  4:40  Pylon  
  44  4:44  Pylon  
  40  4:58  Zealot x3  
  48  5:13  Resonating Glaives  
  41  5:25  Zealot  
  43  5:35  Pylon  
  41  5:37  Pylon  
  41  5:41  Pylon  
  41  5:43  Pylon  
  41  5:46  Pylon  
  41  5:48  Pylon  
  41  5:55  Assimilator  
  41  5:57  Assimilator  
  39  6:20  Gateway  
  39  6:22  Gateway  
  39  6:23  Gateway  
  39  6:26  Gateway  
  39  6:27  Gateway  
  39  6:28  Gateway  
  39  6:29  Gateway  
  39  6:41  Probe (Chrono Boost)  
  40  6:51  Stalker  
  40  6:52  Probe (Chrono Boost), Stalker x2  
  47  7:02  Probe (Chrono Boost)  
  48  7:12  Robotics Facility  
  48  7:13  Probe x2 (Chrono Boost)  
  50  7:16  Robotics Facility  
  50  7:23  Probe (Chrono Boost)  
  50  7:27  Zealot x3  
  57  7:34  Probe (Chrono Boost)  
  58  7:39  Zealot x3  
  64  7:44  Probe (Chrono Boost)  
  64  7:49  Stalker  
  64  7:50  Stalker x2  
  71  7:55  Probe (Chrono Boost)  
  72  8:05  Immortal  
  76  8:08  Immortal  
  48  8:45  Nexus  
  48  8:48  Assimilator  
  48  8:52  Assimilator  
  48  9:08  Robotics Bay  
  48  9:24  Nexus  
  48  9:30  Pylon  
  48  9:31  Pylon  
  48  9:34  Zealot x4  
  48  9:35  Zealot x5  
  48  9:36  Zealot  
  68  9:58  Probe (Chrono Boost)  
  68  9:59  Pylon  
  70  10:07  Probe (Chrono Boost), Pylon  
  70  10:08  Probe (Chrono Boost)  
  70  10:10  Pylon  
  70  10:12  Pylon  
  71  10:17  Probe (Chrono Boost), Extended Thermal Lance  
  72  10:28  Probe (Chrono Boost)  
  73  10:38  Probe (Chrono Boost)  
  74  10:45  Colossus  
  74  10:48  Colossus, Forge x2  
  86  11:00  Probe (Chrono Boost)  
  87  11:10  Probe (Chrono Boost)  
  88  11:21  Probe (Chrono Boost)  
  89  11:31  Probe (Chrono Boost)  
  90  11:33  Probe (Chrono Boost)  
  90  11:39  Colossus  
  96  11:42  Probe (Chrono Boost), Colossus  
  96  11:43  Probe (Chrono Boost)  
  104  11:47  Assimilator  
  104  11:50  Assimilator  
  104  11:52  Probe (Chrono Boost)  
  106  11:54  Probe (Chrono Boost)  
  106  12:03  Probe (Chrono Boost)  
  106  12:04  Probe (Chrono Boost)  
  106  12:07  Protoss Ground Weapons Level 1, Protoss Ground Armor Level 1  
  108  12:15  Probe (Chrono Boost)  
  109  12:25  Probe (Chrono Boost)  
  110  12:32  Colossus  
  110  12:35  Colossus  
  110  12:36  Probe (Chrono Boost)  
  97  13:15  Zealot x2  
  97  13:16  Zealot x6  
  97  13:17  Zealot x3  
  119  13:26  Colossus  
  125  13:29  Probe (Chrono Boost), Colossus  
  132  13:39  Probe (Chrono Boost)  
  133  13:50  Probe (Chrono Boost)  
  112  14:00  Probe (Chrono Boost)  
  109  14:11  Probe (Chrono Boost)  
  109  14:13  Zealot  
  109  14:14  Zealot x6  
  109  14:15  Zealot x4  
  132  14:20  Protoss Ground Weapons Level 2, Protoss Ground Armor Level 2  
  132  14:35  Zealot  
  132  14:36  Zealot x4  
  132  14:37  Zealot x6  
  154  15:03  Colossus  
  154  15:04  Colossus  
  166  15:10  Zealot x3  
  166  15:11  Zealot x4  
  180  16:07  Colossus  
  180  16:10  Colossus  
  116  16:36  Protoss Shields Level 1  
  110  17:00  Colossus  
  116  17:03  Colossus, Zealot  
  116  17:04  Zealot x4  
  116  17:05  Zealot x4  
  116  17:06  Zealot x2  
  144  17:44  Stalker x5  
  146  17:45  Stalker x4  
  146  17:46  Stalker x2  
  166  17:54  Colossus  
  166  17:57  Colossus  
  177  18:31  Stalker  
  179  18:49  Pylon  
  179  18:55  Pylon  
  179  19:01  Pylon  
  179  19:06  Colossus  
  185  19:11  Pylon  
  185  19:13  Colossus  
  185  19:14  Stalker x2  
  195  19:19  Stalker x4  
  195  19:20  Stalker x5  
  191  19:31  Pylon  
  112  19:53  Stalker x4  
  112  19:54  Stalker x4  
  112  19:55  Stalker x3  
  134  20:00  Colossus  
  134  20:06  Colossus  
  84  20:50  Stalker x4  
  84  20:51  Stalker x4  
  84  20:52  Stalker x3  
  84  20:53  Colossus  
  112  21:00  Colossus  
  118  21:16  Stalker x2  
  118  21:17  Stalker x4  
  122  22:19  Nexus  
  96  22:41  Stalker  
  96  22:42  Stalker x6  
  96  22:43  Stalker x3  
  116  23:07  Stalker x2  
  116  23:08  Stalker x2  
  60  24:55  Stalker x3  
  60  24:56  Stalker x6  
  60  24:57  Stalker x2  
  82  25:19  Zealot x5  
  82  25:20  Zealot x3  
  60  26:51  Colossus x2  
  72  26:58  Zealot x3  
  72  26:59  Zealot x4  
  69  27:45  Colossus x2  
  67  28:39  Stalker x4  
  67  28:40  Stalker x4  
  67  28:41  Stalker x3  
  75  29:26  Stalker x2  
  75  29:27  Stalker x3  
  75  29:28  Stalker x4  
  75  29:29  Stalker x2  
  53  32:09  Zealot  
  53  32:10  Zealot x3  
  53  32:11  Zealot x3  
  57  33:15  Zealot  
Show
View Real Time Build Order
Export as new Build Order

BennTenn Terran - Winner!

Build Orders: Mech 

Get SALT Encoding   

  12  0:03  SCV  
  13  0:15  SCV  
  13  0:20  Supply Depot  
  14  0:37  SCV  
  15  0:48  Barracks  
  15  0:49  SCV  
  16  1:11  SCV  
  17  1:15  Refinery  
  17  1:23  SCV  
  17  1:25  Supply Depot  
  18  1:35  SCV  
  19  1:46  Refinery  
  19  1:49  SCV  
  20  2:00  Marine  
  20  2:01  SCV  
  22  2:16  SCV  
  22  2:18  Marine  
  24  2:35  Marine  
  25  2:46  Command Center  
  25  2:53  Marine, SCV  
  27  3:05  Factory  
  27  3:10  SCV  
  27  3:11  Marine  
  29  3:22  SCV  
  30  3:29  Marine  
  31  3:34  Factory  
  31  3:58  SCV, Marine  
  31  4:02  SCV  
  34  4:06  Refinery  
  34  4:10  SCV  
  34  4:14  Refinery, SCV  
  34  4:16  Marine  
  36  4:22  SCV  
  37  4:24  Factory Tech Lab  
  37  4:26  SCV  
  38  4:31  Armory  
  38  4:32  Factory Tech Lab  
  38  4:33  Marine  
  38  4:34  SCV  
  40  4:39  SCV  
  41  4:46  SCV  
  41  4:51  SCV  
  43  4:53  Marine  
  43  4:59  SCV  
  45  5:11  SCV  
  46  5:17  Supply Depot  
  46  5:22  Supply Depot  
  46  5:32  Supply Depot  
  46  5:37  Terran Ship Weapons Level 1  
  46  5:39  Siege Tank x2, SCV  
  53  5:51  SCV  
  53  5:54  Factory  
  54  5:59  Barracks, Supply Depot  
  54  6:03  SCV  
  55  6:11  Siege Tank, Supply Depot  
  58  6:15  SCV  
  59  6:23  Command Center  
  59  6:26  Siege Tank  
  62  6:43  Siege Tank  
  62  6:44  Factory Tech Lab  
  62  6:46  Starport  
  65  6:58  Siege Tank  
  68  7:03  Orbital Command  
  68  7:05  Orbital Command  
  68  7:08  Siege Tank  
  71  7:15  Siege Tank  
  74  7:30  Siege Tank  
  74  7:32  Terran Vehicle And Ship Armor Level 1  
  77  8:07  SCV  
  78  8:14  Command Center  
  78  8:19  SCV  
  79  8:31  SCV  
  77  8:43  SCV  
  78  8:49  Marine x2  
  80  8:55  SCV  
  80  8:57  Siege Tank x3  
  90  9:07  Marine x2  
  92  9:14  Fusion Core  
  92  9:16  Starport Tech Lab  
  92  9:24  Marine  
  92  9:25  Marine  
  92  9:29  Siege Tank x3  
  104  9:38  SCV  
  104  9:42  Marine  
  104  9:43  Supply Depot, Marine  
  106  9:50  SCV  
  107  10:00  Marine  
  107  10:01  Siege Tank x2, Marine  
  107  10:02  SCV  
  107  10:06  Supply Depot  
  116  10:14  SCV  
  117  10:27  SCV  
  118  10:35  Marine x2  
  120  10:46  Supply Depot  
  126  10:53  Marine x2  
  128  10:59  SCV  
  128  11:03  Refinery  
  129  11:05  Refinery  
  129  11:10  Supply Depot  
  129  11:11  SCV, Battlecruiser, Marine x2  
  132  11:23  SCV  
  133  11:29  Marine x2  
  135  11:35  SCV  
  135  11:37  Siege Tank x3  
  145  11:46  Marine  
  145  11:47  Marine  
  146  11:48  Barracks  
  147  12:01  Barracks  
  147  12:12  Supply Depot  
  147  12:15  Supply Depot  
  147  12:17  Supply Depot  
  147  12:18  Supply Depot  
  147  12:22  Supply Depot  
  147  12:24  Orbital Command  
  147  12:26  Orbital Command  
  147  12:34  Siege Tank, Battlecruiser  
  147  12:35  Siege Tank  
  147  12:37  Siege Tank  
  159  12:38  Barracks  
  147  12:50  Barracks  
  146  12:56  Marine  
  146  12:57  Marine x2  
  117  13:14  Marine  
  117  13:15  Marine x2  
  120  13:23  SCV  
  121  13:32  Marine x3  
  124  13:34  Barracks  
  124  13:36  SCV  
  124  13:40  Barracks  
  125  13:42  Barracks Reactor x2  
  125  13:48  SCV  
  126  13:50  Marine x3  
  126  13:53  Supply Depot  
  126  13:55  Supply Depot  
  129  13:56  Supply Depot x2  
  129  13:58  Supply Depot  
  129  14:00  SCV  
  130  14:07  Marine  
  130  14:08  Marine  
  132  14:12  SCV  
  139  14:38  Battlecruiser  
  139  14:45  Command Center, Barracks Reactor x3  
  139  14:55  Barracks Reactor  
  139  14:58  Siege Tank  
  139  14:59  Siege Tank x2  
  148  15:05  Barracks Reactor  
  148  15:31  Siege Tank  
  157  15:43  Battlecruiser  
  157  15:52  Marine  
  157  15:53  Marine x9  
  167  16:10  Marine  
  167  16:11  Marine x9  
  177  16:28  Marine x4  
  177  16:29  Marine x6  
  187  16:44  Marine x2  
  187  16:45  Marine x2  
  187  16:46  Marine x7  
  200  16:47  Battlecruiser  
  197  17:02  Marine x3  
  197  17:03  Marine  
  190  17:35  Marine  
  190  17:36  Marine x12  
  190  17:37  Marine  
  113  17:51  Thor, Battlecruiser  
  113  17:52  Thor x2  
  113  17:53  Marine x3  
  113  17:54  Marine x11  
  122  18:11  Marine x5  
  122  18:12  Marine x9  
  136  18:29  Marine x7  
  136  18:30  Marine x7  
  150  18:34  Thor  
  150  18:35  Thor x2  
  150  18:36  Refinery  
  150  18:41  Refinery  
  168  18:46  Refinery x2, Marine  
  168  18:47  Marine x8  
  168  18:48  Marine x3  
  186  18:55  Battlecruiser  
  186  19:04  Marine  
  186  19:05  Marine x9  
  186  19:06  Marine x2  
  198  19:16  Command Center  
  198  19:24  Refinery  
  198  19:27  Refinery  
  90  20:48  Marine x3  
  90  20:49  Marine x9  
  84  20:53  Marine x2  
  84  20:56  Thor  
  86  20:57  Thor x2  
  92  21:06  Marine x7  
  92  21:07  Marine x5  
  92  21:09  SCV  
  92  21:11  Marine x2  
  107  21:21  SCV  
  107  21:24  Marine x12  
  120  21:28  Marine  
  120  21:29  Marine  
  122  21:33  SCV  
  122  21:39  Thor  
  129  21:40  Thor x2  
  129  21:41  Marine  
  129  21:42  Marine x11  
  129  21:45  SCV  
  129  21:46  Marine  
  155  21:47  Marine  
  156  21:58  SCV  
  156  21:59  Marine  
  156  22:00  Marine x11  
  169  22:04  Marine  
  169  22:05  Marine  
  171  22:17  Marine x2  
  171  22:18  Marine x10  
  171  22:22  Thor x2, Marine x2  
  197  22:35  Marine x3  
  92  23:34  Marine x2  
  92  23:35  Marine x12  
  92  23:39  Thor x2  
  92  23:40  Thor  
  105  23:42  Battlecruiser  
  109  23:52  Marine x7  
  109  23:53  Marine x7  
  123  24:01  Orbital Command  
  123  24:10  Marine x10  
  123  24:11  Marine x4  
  137  24:22  Thor x3  
  155  24:27  Marine  
  155  24:28  Marine x12  
  155  24:29  Marine  
  169  24:46  Battlecruiser  
  175  25:05  Thor x3  
  191  25:47  Thor  
  191  25:48  Thor  
  34  28:15  Battlecruiser  
  34  28:19  Thor  
  46  28:20  Thor x2  
  58  29:02  Thor  
  64  29:03  Thor x2  
  76  29:19  Battlecruiser  
  82  29:45  Thor x3  
  100  29:58  Orbital Command  
  96  30:28  Thor x3  
  115  30:45  Battlecruiser  
  115  31:10  Thor  
  121  31:11  Thor x2  
  133  31:49  Battlecruiser  
  133  31:53  Thor  
  133  31:54  Thor x2  
  157  32:36  Thor  
  157  32:37  Thor x2  
  169  32:53  Battlecruiser  
  163  33:19  Thor x3  
  181  33:57  Battlecruiser  
  181  34:02  Thor x2  
Show
View Real Time Build Order
Export as new Build Order

A.I. 3 (Elite) Zerg 

Build Orders: Pool First 

Get SALT Encoding   

  12  0:01  Drone  
  13  0:12  Overlord  
  13  0:17  Drone  
  14  0:30  Drone  
  15  0:42  Drone, Spawning Pool  
  15  0:46  Drone  
  16  0:50  Drone  
  16  0:54  Extractor  
  16  0:56  Drone  
  17  1:06  Drone  
  18  1:17  Drone  
  19  1:30  Queen  
  19  1:31  Zergling x2  
  22  1:33  Roach Warren  
  22  1:38  Overlord  
  21  1:49  Drone  
  22  1:59  Overlord  
  22  2:14  Roach  
  24  2:21  Roach  
  26  2:32  Roach  
  26  2:37  Roach x2, Overlord  
  34  2:44  Roach  
  34  2:57  Hatchery  
  33  3:01  Drone  
  34  3:07  Roach  
  38  3:12  Roach  
  38  3:18  Roach  
  40  3:24  Roach  
  42  3:28  Roach  
  46  3:34  Roach  
  46  3:41  Overlord  
  46  3:59  Zergling x4  
  46  4:00  Zergling x2  
  49  4:09  Baneling Nest, Zergling x2  
  49  4:10  Zergling x2  
  49  4:12  Zergling x2  
  49  4:16  Zergling x2  
  52  4:22  Zergling x2  
  50  4:39  Zergling x2  
  50  4:43  Drone  
  50  4:52  Baneling, Lair  
  50  4:53  Baneling x2  
  48  5:02  Baneling x2  
  46  5:12  Extractor  
  39  5:15  Extractor  
  39  5:16  Drone  
  39  5:19  Drone  
  39  5:22  Extractor  
  39  5:25  Drone  
  30  5:29  Zergling x2  
  30  5:32  Zergling x2  
  25  5:41  Drone  
  26  5:45  Drone  
  26  5:48  Drone  
  28  5:51  Baneling  
  28  5:52  Zergling x2  
  28  5:54  Drone  
  30  5:58  Drone, Hydralisk Den  
  30  6:02  Drone  
  31  6:09  Drone  
  32  6:14  Roach  
  32  6:18  Drone, Roach  
  37  6:19  Roach  
  37  6:20  Roach  
  41  6:26  Hydralisk  
  41  6:32  Hydralisk  
  43  6:39  Hydralisk  
  45  6:46  Hydralisk  
  49  6:51  Drone  
  49  6:53  Drone  
  51  6:57  Drone  
  51  7:00  Drone  
  53  7:04  Drone  
  54  7:10  Overlord  
  54  7:14  Drone  
  55  7:17  Drone  
  55  7:20  Drone  
  58  7:22  Drone  
  58  7:26  Drone  
  58  7:29  Drone  
  60  7:32  Drone  
  60  7:36  Overlord  
  61  7:39  Drone  
  61  7:41  Drone  
  64  7:44  Drone  
  64  7:48  Drone  
  64  7:51  Drone  
  66  7:54  Drone  
  66  7:55  Drone  
  68  7:58  Overseer  
  68  7:59  Overlord  
  68  8:01  Drone  
  68  8:03  Drone  
  70  8:09  Zergling x2  
  67  8:13  Zergling x2  
  61  8:20  Roach  
  61  8:24  Roach  
  61  8:26  Roach  
  61  8:27  Drone, Roach  
  67  8:28  Infestation Pit  
  67  8:30  Hydralisk  
  65  8:35  Hydralisk  
  65  8:41  Hydralisk  
  63  8:46  Hydralisk  
  67  8:52  Drone  
  68  8:57  Drone, Roach  
  68  8:58  Baneling  
  68  8:59  Zergling x2  
  68  9:01  Hatchery  
  71  9:04  Drone  
  71  9:08  Roach  
  74  9:13  Overlord  
  74  9:19  Roach  
  76  9:24  Roach  
  76  9:29  Infestor  
  76  9:30  Zergling x4, Infestor  
  84  9:33  Evolution Chamber  
  84  9:34  Overlord  
  83  9:41  Zergling x2  
  84  9:45  Zergling x2  
  84  9:46  Metabolic Boost  
  84  9:47  Baneling  
  84  9:48  Baneling x2  
  84  9:49  Baneling  
  86  9:52  Zergling x2  
  86  9:56  Zergling x2  
  86  9:59  Zerg Missile Weapons Level 1  
  87  10:00  Baneling, Evolution Chamber  
  87  10:01  Baneling, Zergling x2, Overlord  
  87  10:02  Zergling x2  
  87  10:04  Zergling x2  
  89  10:07  Zergling x2, Ravager  
  89  10:10  Evolution Chamber  
  89  10:11  Ravager  
  89  10:13  Roach  
  93  10:15  Drone  
  93  10:18  Drone  
  95  10:24  Drone  
  95  10:26  Drone, Zerg Melee Weapons Level 1  
  98  10:28  Drone  
  98  10:32  Roach, Overlord  
  98  10:33  Drone  
  98  10:34  Drone  
  102  10:36  Zerg Ground Armor Level 1  
  102  10:37  Drone  
  102  10:39  Drone  
  104  10:45  Drone  
  104  10:47  Drone  
  106  10:50  Drone  
  106  10:56  Drone  
  101  10:58  Drone  
  101  11:00  Drone  
  101  11:05  Drone x2  
  101  11:06  Drone, Spire  
  101  11:08  Drone  
  104  11:14  Overlord  
  103  11:18  Spire  
  100  11:28  Queen  
  100  11:30  Drone  
  100  11:31  Drone  
  104  11:33  Drone  
  104  11:34  Hatchery  
  104  11:44  Overlord  
  104  11:45  Drone  
  104  11:46  Drone  
  106  11:48  Drone  
  106  11:49  Drone  
  106  11:50  Drone  
  106  11:52  Drone  
  110  11:57  Baneling, Overseer  
  110  12:02  Drone  
  110  12:03  Overlord  
  110  12:04  Drone, Roach  
  110  12:05  Zergling x2  
  115  12:10  Roach  
  117  12:21  Overlord, Roach x2  
  121  12:24  Roach  
  121  12:26  Roach  
  112  12:30  Queen  
  112  12:31  Drone  
  112  12:35  Roach  
  112  12:36  Drone  
  112  12:37  Drone, Roach  
  109  12:40  Baneling x2  
  109  12:42  Drone  
  96  12:46  Zergling x2  
  96  12:47  Drone  
  96  12:48  Roach  
  100  12:51  Zerg Missile Weapons Level 2  
  100  12:53  Baneling, Drone  
  100  12:54  Baneling x2, Glial Reconstitution  
  100  12:57  Drone x2  
  100  12:58  Drone  
  104  13:03  Drone  
  105  13:07  Drone  
  105  13:08  Drone  
  105  13:09  Drone  
  108  13:14  Drone  
  108  13:18  Drone  
  108  13:19  Drone  
  111  13:20  Drone  
  111  13:25  Drone  
  112  13:29  Drone x2  
  112  13:33  Drone  
  110  13:35  Drone  
  110  13:38  Drone  
  110  13:41  Drone  
  109  13:46  Drone  
  93  13:49  Drone  
  93  13:52  Zergling x2  
  73  13:56  Drone  
  42  14:21  Roach, Hydralisk x2  
  46  14:40  Hydralisk  
  46  14:43  Drone  
  49  14:46  Drone  
  49  14:48  Drone  
  49  14:49  Hatchery  
  49  14:50  Drone  
  51  14:53  Drone  
  51  14:56  Drone  
  51  14:59  Drone  
  54  15:01  Drone  
  54  15:03  Drone  
  54  15:05  Drone  
  57  15:08  Drone  
  57  15:10  Drone  
  57  15:14  Drone  
  60  15:17  Drone  
  60  15:18  Drone  
  55  15:24  Drone, Roach  
  55  15:25  Drone  
  55  15:27  Drone  
  59  15:32  Hydralisk  
  54  15:37  Hydralisk  
  54  15:40  Hydralisk  
  58  15:43  Drone  
  58  15:44  Drone  
  58  15:46  Drone  
  61  15:50  Drone  
  61  15:51  Drone  
  61  15:52  Drone  
  61  15:54  Drone  
  61  15:55  Drone  
  61  15:57  Drone  
  67  16:00  Drone  
  67  16:01  Drone  
  67  16:02  Drone  
  70  16:07  Drone  
  71  16:11  Drone  
  71  16:12  Drone  
  71  16:13  Drone  
  75  16:18  Drone  
  75  16:21  Drone, Zergling x2  
  75  16:22  Roach, Infestor  
  75  16:23  Drone  
  75  16:25  Drone  
  82  16:29  Drone  
  84  16:32  Drone  
  84  16:33  Drone  
  84  16:35  Drone  
  84  16:39  Drone  
  87  16:43  Baneling, Zergling x2  
  87  16:44  Drone  
  87  16:46  Baneling, Drone  
  90  16:49  Drone, Infestor  
  90  16:50  Drone, Roach  
  96  16:54  Drone  
  96  16:55  Drone  
  96  16:57  Drone  
  96  16:59  Baneling  
  96  17:00  Baneling  
  96  17:01  Zergling x2  
  100  17:05  Baneling, Drone x2  
  100  17:06  Baneling  
  102  17:08  Roach  
  102  17:12  Zergling x2  
  105  17:15  Zergling x2  
  105  17:16  Zergling x2  
  105  17:19  Zergling x2  
  105  17:20  Zergling x2  
  105  17:21  Zergling x2  
  105  17:22  Zergling x2  
  111  17:23  Zergling x2  
  111  17:27  Baneling, Roach, Hydralisk  
  111  17:29  Baneling  
  95  17:31  Hydralisk  
  95  17:33  Roach  
  95  17:37  Roach  
  95  17:38  Hydralisk  
  94  17:46  Roach, Extractor  
  94  17:48  Extractor, Roach, Infestor  
  94  17:49  Zergling x2, Roach  
  94  17:51  Zergling x2, Roach  
  100  17:52  Extractor  
  100  17:54  Extractor  
  100  17:55  Zergling x2  
  100  17:56  Drone  
  101  17:58  Roach  
  101  18:00  Roach  
  106  18:05  Zergling x2  
  106  18:06  Baneling  
  106  18:07  Baneling, Zergling x2, Extractor  
  106  18:08  Baneling x2  
  106  18:09  Baneling  
  106  18:10  Drone, Zergling x2  
  106  18:11  Baneling  
  108  18:13  Baneling x2  
  108  18:14  Baneling  
  108  18:15  Zergling x2  
  108  18:16  Baneling  
  108  18:17  Zergling x4  
  108  18:18  Zergling x2  
  108  18:19  Drone  
  113  18:21  Drone  
  113  18:22  Drone  
  115  18:27  Drone  
  115  18:29  Drone  
  115  18:30  Drone  
  115  18:31  Baneling  
  115  18:32  Baneling, Drone  
  115  18:33  Baneling x2  
  119  18:34  Baneling x2  
  119  18:35  Baneling  
  119  18:36  Baneling x2  
  119  18:38  Drone  
  119  18:40  Drone  
  121  18:41  Zergling x2  
  121  18:42  Zergling x2  
  121  18:44  Zergling x2  
  121  18:45  Zergling x2  
  121  18:47  Zergling x2  
  126  18:49  Roach  
  126  18:53  Overlord  
  126  18:55  Roach  
  130  18:57  Roach  
  130  18:58  Centrifical Hooks  
  130  19:00  Roach  
  130  19:02  Hydralisk  
  134  19:05  Hive  
  136  19:11  Roach  
  136  19:12  Overlord  
  136  19:13  Roach  
  136  19:14  Roach  
  136  19:15  Roach  
  136  19:17  Zergling x2  
  144  19:18  Zergling x2  
  144  19:19  Zergling x2  
  144  19:20  Zergling x2  
  144  19:22  Zergling x2  
  114  19:25  Hydralisk  
  114  19:26  Hydralisk  
  114  19:29  Hydralisk  
  107  19:31  Zergling x2  
  107  19:35  Roach  
  107  19:36  Infestor  
  107  19:39  Infestor  
  107  19:41  Drone  
  107  19:42  Drone x2  
  107  19:43  Mutalisk  
  102  19:46  Drone  
  102  19:47  Mutalisk  
  102  19:51  Drone  
  99  19:53  Baneling  
  99  19:54  Baneling  
  99  19:56  Mutalisk  
  99  19:57  Drone  
  99  19:58  Baneling x2  
  98  20:00  Baneling  
  98  20:01  Baneling  
  98  20:02  Baneling x2, Drone  
  98  20:03  Baneling x2  
  98  20:04  Baneling, Hatchery  
  98  20:07  Zergling x2  
  98  20:08  Baneling, Zergling x2  
  98  20:10  Mutalisk  
  98  20:11  Drone x2  
  98  20:12  Extractor  
  98  20:15  Drone  
  98  20:18  Drone  
  98  20:19  Drone  
  100  20:23  Extractor  
  100  20:25  Drone  
  100  20:28  Hydralisk  
  81  20:33  Ultralisk Cavern  
  76  20:36  Hydralisk  
  76  20:39  Zergling x6  
  76  20:40  Lair, Hatchery, Drone  
  73  20:45  Baneling  
  73  20:46  Baneling  
  73  20:48  Drone  
  73  20:50  Drone  
  73  20:52  Extractor  
  63  20:58  Baneling, Roach  
  63  21:01  Drone  
  57  21:07  Hydralisk x2  
  57  21:08  Roach  
  57  21:10  Drone  
  60  21:12  Roach  
  60  21:15  Drone  
  61  21:21  Infestor  
  61  21:22  Drone  
  64  21:28  Overlord  
  64  21:32  Drone  
  65  21:39  Overlord  
  65  21:43  Hydralisk Den  
  63  21:47  Overlord  
  63  22:05  Zergling x4  
  63  22:06  Overlord  
  63  22:10  Roach  
  63  22:12  Hydralisk  
  63  22:13  Drone  
  64  22:16  Hydralisk  
  64  22:21  Hydralisk  
  68  22:24  Drone  
  68  22:27  Drone  
  68  22:29  Drone  
  69  22:31  Zergling x2  
  69  22:33  Zergling x2  
  69  22:36  Drone  
  71  22:39  Overlord  
  71  22:42  Drone  
  71  22:44  Drone  
  73  22:46  Drone  
  73  22:47  Drone  
  73  22:49  Drone  
  76  22:51  Drone  
  76  22:53  Drone  
  76  22:58  Roach  
  80  22:59  Overlord  
  80  23:03  Roach  
  80  23:05  Roach  
  83  23:07  Zergling x2  
  83  23:10  Roach  
  86  23:17  Infestor  
  86  23:18  Overlord  
  86  23:19  Zergling x2  
  83  23:23  Drone  
  83  23:26  Drone  
  73  23:30  Drone  
  73  23:33  Drone  
  71  23:36  Drone  
  71  23:39  Drone  
  73  23:43  Drone  
  73  23:47  Drone  
  73  23:48  Zergling x2  
  73  23:52  Zergling x2  
  73  23:55  Drone  
  63  23:59  Roach  
  52  24:03  Roach  
  52  24:06  Roach  
  55  24:12  Roach  
  44  24:17  Zergling x2  
  25  24:59  Hatchery  
  24  25:00  Zergling x2  
  24  25:06  Zergling x2  
  26  25:16  Roach  
  28  25:25  Roach  
  30  25:32  Drone  
  31  25:38  Drone  
  32  25:44  Drone  
  33  25:50  Drone  
  34  25:59  Drone  
  33  26:12  Zergling x2  
  21  27:03  Hatchery  
  20  27:14  Queen  
  22  27:49  Zergling x2  
  23  27:55  Roach  
  25  28:01  Roach  
  27  28:06  Roach  
  29  28:13  Roach  
  31  28:23  Hatchery, Roach  
  32  28:31  Roach  
  34  28:42  Hydralisk  
  35  28:48  Zergling x2  
  36  28:59  Hydralisk  
  38  29:10  Drone  
  39  29:36  Lair  
  39  29:45  Overseer  
  37  30:35  Zergling x4, Roach, Infestor  
  42  30:40  Roach  
  33  30:49  Roach  
  30  30:59  Roach  
  32  31:07  Roach  
  33  31:12  Zergling x2  
  29  31:58  Hydralisk  
  29  31:59  Roach  
Show
View Real Time Build Order
Export as new Build Order

A.I. 4 (Elite) Zerg 

Build Orders: Pool First, Swarm Host 

Get SALT Encoding   

  12  0:01  Drone  
  13  0:12  Overlord  
  13  0:18  Drone  
  14  0:30  Drone  
  14  0:31  Drone  
  16  0:43  Spawning Pool  
  16  0:45  Drone  
  16  0:50  Drone  
  17  1:13  Hatchery  
  17  1:16  Drone  
  17  1:18  Extractor  
  16  1:21  Drone  
  16  1:23  Extractor  
  16  1:27  Drone  
  16  1:32  Drone  
  18  1:38  Drone  
  19  1:49  Overlord  
  19  1:59  Queen  
  21  2:05  Zergling x2  
  22  2:11  Drone  
  23  2:26  Queen  
  25  2:32  Drone  
  26  2:38  Drone  
  26  2:43  Drone  
  28  2:47  Drone  
  29  3:00  Roach Warren  
  29  3:02  Drone  
  30  3:05  Drone  
  30  3:08  Zergling x2  
  30  3:12  Zergling x2  
  32  3:18  Overlord  
  32  3:21  Drone  
  32  3:24  Drone  
  34  3:40  Roach x3  
  40  3:43  Roach  
  42  3:48  Lair  
  42  3:53  Overlord  
  42  3:58  Overlord  
  42  4:02  Zergling x2  
  43  4:04  Zergling x2  
  44  4:11  Zergling x2  
  44  4:12  Drone  
  44  4:13  Drone  
  44  4:15  Drone  
  48  4:18  Drone  
  48  4:21  Drone  
  50  4:25  Roach  
  50  4:29  Roach  
  54  4:34  Overlord  
  54  4:42  Zergling x2  
  54  4:44  Zergling x2  
  53  4:45  Zergling x2  
  53  4:47  Infestation Pit  
  53  4:48  Drone  
  53  4:50  Drone  
  55  4:53  Drone  
  55  4:55  Drone  
  55  4:57  Drone  
  56  5:00  Roach  
  56  5:04  Roach  
  53  5:07  Roach  
  53  5:10  Roach  
  55  5:15  Hydralisk Den  
  55  5:20  Drone  
  55  5:21  Drone  
  55  5:23  Drone  
  55  5:25  Drone  
  55  5:27  Drone  
  59  5:31  Overlord  
  59  5:32  Drone  
  59  5:34  Drone  
  61  5:36  Drone  
  61  5:38  Drone  
  61  5:40  Drone  
  61  5:41  Drone  
  65  5:43  Drone  
  65  5:46  Hydralisk  
  65  5:48  Hydralisk  
  70  5:53  Overlord  
  70  5:55  Infestor  
  70  5:56  Roach  
  74  5:58  Roach  
  76  6:11  Roach, Infestor  
  76  6:12  Roach, Overlord  
  76  6:16  Baneling Nest  
  81  6:20  Evolution Chamber  
  81  6:21  Hatchery  
  79  6:27  Drone  
  79  6:28  Drone  
  81  6:36  Ravager  
  81  6:37  Evolution Chamber  
  81  6:38  Drone  
  82  6:40  Overlord  
  82  6:43  Roach  
  82  6:44  Ravager  
  82  6:46  Roach  
  87  6:48  Zerg Missile Weapons Level 1, Hydralisk  
  89  6:57  Hydralisk, Extractor  
  89  6:59  Overlord  
  89  7:00  Baneling, Drone, Extractor  
  90  7:02  Baneling  
  90  7:03  Zerg Ground Armor Level 1  
  90  7:07  Baneling  
  90  7:08  Zergling x2  
  91  7:19  Drone  
  91  7:20  Drone x2, Overseer  
  91  7:21  Baneling  
  94  7:23  Drone x2  
  94  7:24  Drone, Overlord  
  94  7:25  Baneling, Zergling x2  
  94  7:27  Baneling  
  100  7:30  Roach  
  100  7:34  Drone  
  100  7:35  Drone x2  
  100  7:36  Drone x2  
  105  7:41  Drone, Extractor  
  105  7:43  Drone  
  106  7:46  Overlord, Roach  
  106  7:47  Drone  
  106  7:48  Drone  
  110  7:52  Drone  
  110  7:53  Drone x2, Roach  
  110  7:54  Drone  
  110  7:56  Baneling x2  
  110  7:57  Zergling x2  
  117  8:00  Centrifical Hooks  
  117  8:03  Drone  
  117  8:05  Drone  
  119  8:08  Overlord  
  119  8:14  Drone  
  119  8:16  Drone  
  119  8:18  Zergling x2  
  119  8:19  Zergling x2, Roach  
  106  8:20  Roach  
  106  8:23  Roach, Hydralisk  
  106  8:24  Roach  
  106  8:26  Drone x2  
  96  8:30  Hydralisk  
  96  8:32  Hatchery  
  95  8:36  Baneling  
  95  8:37  Drone, Roach  
  98  8:41  Drone  
  98  8:47  Infestor  
  98  8:48  Roach  
  102  8:50  Zergling x2  
  102  8:51  Zergling x4  
  102  8:52  Roach  
  102  8:53  Baneling x2  
  102  8:54  Ravager  
  102  8:55  Infestor  
  108  8:56  Zergling x2  
  108  8:57  Zergling x2  
  108  8:58  Roach  
  108  8:59  Zergling x2  
  108  9:00  Metabolic Boost  
  115  9:05  Zergling x2  
  115  9:06  Extractor  
  115  9:08  Zerg Melee Weapons Level 1  
  115  9:09  Drone  
  116  9:10  Zergling x2, Evolution Chamber  
  116  9:15  Drone  
  117  9:20  Zergling x2, Hydralisk  
  117  9:22  Hydralisk  
  117  9:23  Overlord  
  122  9:25  Ravager  
  122  9:26  Baneling, Roach  
  122  9:30  Drone  
  122  9:31  Drone  
  127  9:34  Infestor  
  129  9:42  Overlord  
  129  9:44  Infestor  
  129  9:45  Drone x2  
  132  9:46  Drone  
  132  9:47  Roach  
  132  9:48  Roach  
  132  9:52  Roach  
  140  9:58  Zerg Missile Weapons Level 2  
  140  10:00  Extractor  
  140  10:02  Drone  
  140  10:04  Drone, Spine Crawler  
  140  10:07  Spine Crawler  
  140  10:08  Drone  
  140  10:10  Spine Crawler  
  140  10:11  Drone, Extractor  
  140  10:13  Queen, Drone, Zerg Ground Armor Level 2  
  140  10:14  Overlord, Spine Crawler  
  141  10:15  Drone  
  141  10:20  Queen  
  144  10:28  Spire  
  143  10:29  Drone  
  144  10:36  Overlord  
  144  10:45  Spine Crawler  
  144  10:47  Drone  
  144  10:48  Spine Crawler  
  143  10:50  Drone  
  143  10:52  Spore Crawler  
  143  10:53  Drone  
  143  10:56  Spore Crawler  
  143  10:57  Drone  
  143  11:02  Spore Crawler  
  143  11:04  Drone  
  143  11:05  Zerg Melee Weapons Level 2  
  143  11:06  Spore Crawler, Drone  
  143  11:10  Drone  
  143  11:11  Spore Crawler  
  143  11:12  Baneling, Drone  
  143  11:13  Baneling, Zergling x2  
  143  11:14  Baneling x2, Spore Crawler  
  143  11:15  Drone, Zergling x2  
  143  11:16  Overlord, Overseer  
  143  11:17  Baneling, Spore Crawler  
  143  11:18  Baneling, Hydralisk  
  145  11:19  Drone  
  145  11:20  Zergling x2  
  145  11:21  Baneling x2  
  145  11:22  Baneling, Zergling x2  
  145  11:23  Baneling, Spore Crawler, Zergling x2  
  145  11:24  Baneling, Drone  
  145  11:25  Zergling x2  
  152  11:26  Baneling x2  
  152  11:27  Zergling x2  
  152  11:30  Baneling  
  153  11:35  Overlord  
  153  11:37  Hydralisk  
  155  11:41  Roach x2, Mutalisk  
  155  11:44  Mutalisk  
  155  11:45  Mutalisk x2  
  155  11:46  Mutalisk x2  
  169  11:47  Corruptor  
  169  11:48  Overseer  
  169  11:51  Mutalisk  
  169  11:53  Drone, Overlord  
  175  11:54  Overseer  
  175  11:55  Drone  
  175  11:56  Mutalisk  
  175  11:59  Drone  
  175  12:00  Drone x2  
  175  12:01  Drone  
  174  12:02  Drone  
  174  12:03  Drone x2  
  174  12:04  Drone  
  174  12:06  Roach  
  179  12:08  Roach  
  179  12:11  Roach  
  179  12:14  Overlord  
  181  12:17  Swarm Host  
  181  12:19  Pneumatized Carapace  
  181  12:22  Swarm Host  
  187  12:26  Swarm Host  
  187  12:28  Zergling x2  
  187  12:29  Zergling x2  
  172  12:32  Swarm Host  
  172  12:36  Zergling x4  
  157  12:37  Zergling x2  
  157  12:38  Zergling x2  
  143  12:44  Hatchery  
  143  12:46  Drone  
  143  12:48  Zergling x2  
  143  12:49  Zergling x2  
  143  12:51  Zergling x2  
  146  12:52  Zergling x2  
  146  12:57  Mutalisk  
  149  12:58  Baneling, Mutalisk  
  149  13:00  Baneling, Zergling x2  
  149  13:01  Mutalisk  
  149  13:02  Baneling x2  
  149  13:03  Zergling x2  
  149  13:04  Baneling, Mutalisk  
  157  13:06  Mutalisk  
  157  13:08  Mutalisk  
  157  13:09  Baneling  
  157  13:11  Zergling x2, Mutalisk  
  164  13:13  Mutalisk  
  164  13:16  Mutalisk  
  168  13:20  Mutalisk  
  168  13:24  Mutalisk  
  172  13:28  Mutalisk  
  172  13:34  Corruptor  
  174  13:38  Baneling  
  174  13:39  Baneling  
  174  13:40  Zergling x2  
  177  13:41  Baneling  
  177  13:43  Baneling, Zergling x2  
  177  13:45  Baneling  
  177  13:46  Roach  
  177  13:48  Roach  
  182  13:49  Roach  
  182  13:50  Roach  
  182  13:52  Roach  
  182  13:53  Roach  
  182  13:54  Roach  
  182  13:55  Corruptor, Roach  
  194  13:59  Corruptor  
  198  14:07  Zergling x2  
  199  14:24  Roach x2, Extractor  
  191  14:25  Roach  
  191  14:26  Drone, Swarm Host, Extractor  
  191  14:28  Drone, Roach  
  191  14:29  Roach, Mutalisk  
  191  14:30  Mutalisk  
  191  14:31  Mutalisk x2  
  183  14:38  Mutalisk  
  183  14:44  Mutalisk  
  187  14:51  Corruptor  
  189  14:53  Baneling  
  189  14:55  Baneling  
  189  14:56  Zergling x2  
  189  14:58  Baneling  
  190  15:01  Corruptor  
  190  15:06  Corruptor  
  194  15:13  Zergling x2  
  194  15:16  Baneling  
  194  15:17  Zergling x2  
  183  15:30  Roach x2  
  183  15:31  Roach  
  183  15:32  Roach x2  
  183  15:33  Roach  
  183  15:34  Roach  
  183  15:35  Roach  
  193  15:36  Baneling, Hive  
  193  15:37  Baneling, Zergling x2  
  193  15:40  Mutalisk  
  188  15:54  Mutalisk  
  185  15:58  Drone  
  185  15:59  Drone  
  185  16:00  Drone  
  185  16:02  Drone x2  
  172  16:04  Drone  
  172  16:05  Drone  
  172  16:06  Drone x2  
  172  16:07  Drone  
  172  16:08  Drone  
  172  16:09  Drone  
  172  16:10  Drone  
  172  16:11  Drone x2  
  171  16:12  Zergling x2, Spine Crawler  
  171  16:13  Drone x2  
  171  16:14  Drone, Zergling x2, Extractor  
  171  16:15  Zergling x2  
  171  16:16  Drone, Zergling x2  
  171  16:17  Drone  
  171  16:18  Drone, Zergling x2  
  174  16:20  Drone, Zergling x2  
  174  16:21  Drone, Zergling x2  
  174  16:22  Zergling x2  
  174  16:23  Zergling x2  
  167  16:26  Baneling, Zergling x2, Mutalisk  
  167  16:27  Corruptor, Mutalisk  
  167  16:28  Baneling  
  167  16:30  Spine Crawler  
  167  16:32  Drone  
  170  16:33  Baneling, Zergling x2  
  170  16:34  Baneling  
  170  16:35  Extractor  
  170  16:37  Drone x2  
  170  16:38  Baneling, Drone  
  170  16:39  Drone, Zergling x2  
  173  16:40  Baneling x2  
  173  16:41  Baneling  
  173  16:42  Zergling x2  
  173  16:43  Baneling  
  173  16:44  Zergling x2  
  173  16:45  Drone  
  155  16:47  Swarm Host  
  155  16:49  Drone  
  155  16:50  Drone  
  115  16:55  Swarm Host  
  115  16:57  Ultralisk Cavern  
  78  17:04  Roach x2  
  78  17:05  Baneling, Roach  
  78  17:06  Baneling x2, Roach  
  78  17:07  Zergling x2  
  76  17:10  Roach  
  76  17:11  Hydralisk  
  80  17:15  Hydralisk  
  80  17:19  Hydralisk  
  80  17:22  Drone  
  85  17:23  Drone  
  85  17:25  Drone  
  85  17:27  Zergling x2  
  85  17:28  Drone  
  74  17:32  Drone  
  74  17:34  Drone  
  61  17:49  Zergling x2  
  57  18:07  Hatchery  
  56  18:47  Hydralisk  
  56  18:48  Hydralisk  
  59  18:50  Drone  
  59  18:53  Drone  
  62  18:55  Drone  
  62  18:59  Drone  
  62  19:02  Drone  
  64  19:05  Drone  
  64  19:09  Drone  
  66  19:18  Drone  
  63  19:58  Hydralisk  
  65  20:12  Hydralisk  
  67  20:15  Drone  
  53  20:29  Zergling x2  
  54  20:42  Zergling x2  
  50  20:43  Roach  
  50  20:44  Roach x2  
  53  21:13  Hatchery  
  52  21:26  Roach  
  40  26:44  Queen  
  42  26:56  Zergling x2  
  43  27:16  Zergling x2  
  44  28:17  Roach  
  46  28:44  Roach x2  
  46  28:45  Roach  
  46  28:47  Hydralisk  
  52  29:49  Hydralisk  
  52  30:33  Zergling x4  
  52  30:34  Roach x2  
  47  31:18  Roach  
  43  32:09  Zergling x2  
  43  32:10  Zergling x2, Roach  
  43  32:11  Roach  
  37  32:23  Roach  
  25  33:38  Zergling x2  
  19  34:03  Drone x2  
  19  34:04  Drone  
Show
View Real Time Build Order
Export as new Build Order

A.I. 5 (Elite) Terran 

Build Orders: MMM Bio 

Get SALT Encoding   

  12  0:01  SCV  
  13  0:13  SCV  
  14  0:19  Supply Depot  
  14  0:25  SCV  
  15  0:41  SCV  
  16  0:45  Barracks  
  16  0:53  SCV  
  17  1:05  SCV  
  18  1:13  Refinery  
  18  1:16  Supply Depot  
  18  1:17  SCV  
  19  1:29  SCV  
  20  1:34  Marine  
  21  1:45  Command Center  
  21  2:10  Barracks, SCV  
  21  2:14  Marine  
  23  2:17  Factory  
  23  2:22  SCV  
  24  2:27  Supply Depot  
  24  2:33  Marine  
  24  2:34  SCV  
  26  2:46  SCV  
  26  2:50  Marine  
  28  2:57  Orbital Command  
  28  2:58  SCV  
  28  3:02  Factory Tech Lab  
  29  3:05  Refinery  
  29  3:15  Orbital Command  
  29  3:17  Marine  
  30  3:20  Marine  
  30  3:26  SCV  
  32  3:35  Marine  
  32  3:38  SCV, Marine  
  32  3:40  SCV  
  36  3:49  Barracks  
  36  3:50  SCV  
  36  3:52  SCV  
  36  3:53  Marine  
  39  3:57  Barracks Tech Lab  
  39  4:02  SCV  
  40  4:04  Supply Depot  
  40  4:05  SCV  
  41  4:11  Barracks Tech Lab  
  41  4:14  SCV  
  41  4:15  Stimpack, Marine  
  44  4:17  SCV  
  44  4:20  Siege Tank  
  47  4:26  SCV  
  47  4:29  Combat Shields, Marine, SCV  
  50  4:33  Marine  
  50  4:36  Marine  
  52  4:39  Supply Depot, SCV  
  52  4:41  SCV  
  54  4:47  Marine  
  54  4:51  Marauder, SCV  
  58  4:53  SCV  
  59  5:01  Refinery  
  59  5:03  Hellion, SCV  
  59  5:05  Marauder, Supply Depot, SCV  
  65  5:12  Command Center  
  65  5:20  Marauder  
  67  5:25  Hellion  
  67  5:27  Marauder, SCV  
  72  5:31  Engineering Bay  
  72  5:34  SCV  
  73  5:36  Supply Depot  
  73  5:39  SCV  
  73  5:41  Marauder  
  76  5:46  Hellion  
  78  5:52  Engineering Bay, Barracks Reactor  
  78  5:56  Terran Infantry Weapons Level 1  
  78  5:58  Marauder, SCV  
  78  6:00  Supply Depot, SCV  
  82  6:04  Marauder  
  82  6:10  SCV  
  85  6:12  Missile Turret  
  85  6:14  SCV  
  85  6:16  Missile Turret  
  85  6:18  Terran Infantry Armor Level 1  
  86  6:22  Siege Tank, Barracks, Marauder  
  91  6:26  SCV, Concussive Shells  
  91  6:27  SCV  
  91  6:28  Starport  
  91  6:30  SCV  
  94  6:34  Marauder  
  94  6:38  SCV  
  97  6:42  Supply Depot  
  97  6:43  Marauder, SCV x2  
  101  6:50  SCV  
  105  6:54  Siege Tank  
  105  6:55  SCV  
  105  6:58  Orbital Command, Armory  
  106  7:03  SCV  
  106  7:07  Starport Reactor, Supply Depot, SCV  
  108  7:13  Refinery  
  108  7:15  SCV  
  109  7:16  Refinery  
  109  7:19  SCV  
  109  7:22  Refinery  
  110  7:26  Armory  
  110  7:27  SCV  
  110  7:28  Marine  
  110  7:29  SCV  
  113  7:30  Missile Turret  
  113  7:31  Command Center, SCV  
  113  7:35  Missile Turret  
  114  7:37  Supply Depot  
  114  7:39  SCV  
  114  7:42  Siege Tank  
  114  7:43  SCV  
  114  7:44  SCV  
  120  7:47  Terran Vehicle Weapons Level 1  
  120  7:50  Medivac  
  120  7:51  SCV  
  123  7:59  Terran Infantry Weapons Level 2, SCV  
  123  8:00  SCV  
  123  8:01  Supply Depot  
  123  8:02  Marine  
  123  8:04  Medivac  
  128  8:06  Marauder  
  130  8:14  Terran Vehicle And Ship Armor Level 1, Hellion  
  130  8:17  Marine  
  130  8:18  Liberator  
  125  8:20  Marine  
  125  8:21  Marauder  
  125  8:22  Marine  
  125  8:26  Supply Depot  
  128  8:28  Marauder  
  128  8:33  Missile Turret  
  117  8:35  Siege Tank, Marine  
  117  8:37  Marine  
  112  8:41  Liberator  
  112  8:42  Marauder  
  114  8:49  Marauder  
  114  8:54  Refinery  
  116  9:00  Refinery, Liberator  
  119  9:04  Marauder  
  119  9:07  Widow Mine  
  119  9:09  Marine  
  124  9:10  Marauder, Marine  
  124  9:16  Marine  
  131  9:24  Liberator, Marine  
  131  9:30  Missile Turret  
  132  9:32  Supply Depot, Marauder  
  132  9:36  Hellion  
  136  9:43  Liberator, Marauder  
  141  9:48  Missile Turret  
  141  9:51  Missile Turret  
  141  9:53  Marauder  
  141  9:57  Siege Tank  
  141  9:58  Supply Depot  
  141  9:59  Planetary Fortress  
  146  10:03  Missile Turret  
  146  10:04  Marauder  
  151  10:07  Liberator, Missile Turret  
  151  10:12  Missile Turret  
  151  10:15  Marauder  
  153  10:22  Command Center  
  153  10:24  Supply Depot  
  153  10:26  Liberator  
  156  10:29  Widow Mine  
  158  10:39  Terran Vehicle Weapons Level 2  
  158  10:40  Terran Infantry Weapons Level 3  
  158  10:44  Missile Turret  
  161  10:50  Liberator, Supply Depot  
  161  10:57  Widow Mine  
  163  11:09  Liberator  
  166  11:17  Missile Turret  
  166  11:20  Supply Depot  
  166  11:22  SCV  
  166  11:27  Hellion  
  171  11:32  Liberator  
  171  11:43  Refinery  
  171  11:48  Hellion  
  171  11:49  Refinery  
  176  12:01  Factory  
  176  12:02  Command Center  
  176  12:05  Marine  
  176  12:06  Marine  
  176  12:07  Marine  
  179  12:09  Medivac, Hellion  
  183  12:15  Liberator  
  183  12:22  Liberator  
  183  12:29  Marine  
  184  12:31  Hellion  
  185  12:44  Marine  
  185  12:45  Marine  
  185  12:46  Factory Tech Lab, Marine  
  185  12:47  Marine x2  
  166  12:52  Siege Tank  
  137  12:58  Liberator  
  137  13:02  Marine  
  137  13:03  Marine  
  137  13:04  Marine x2, Siege Tank, Factory  
  137  13:05  Marine  
  118  13:20  Marine  
  118  13:21  Marine  
  118  13:22  Medivac  
  118  13:23  Marine  
  118  13:24  Hellion, Marine x2  
  118  13:25  Refinery, Planetary Fortress  
  127  13:32  Missile Turret  
  127  13:36  Thor, Missile Turret  
  127  13:37  Marine  
  127  13:38  Missile Turret  
  134  13:42  Missile Turret  
  134  13:44  Marauder  
  134  13:45  Siege Tank  
  141  13:48  Refinery, Hellion  
  141  13:49  Command Center  
  141  13:52  Viking  
  143  13:56  Marauder  
  143  13:58  Viking  
  147  14:03  Missile Turret  
  147  14:06  Planetary Fortress, Marauder  
  149  14:11  Liberator  
  149  14:13  Missile Turret  
  149  14:14  Factory Tech Lab  
  149  14:17  Thor, Marauder  
  149  14:19  Siege Tank  
  149  14:22  Viking  
  162  14:24  Starport  
  162  14:27  Marauder  
  167  14:33  Siege Tank  
  170  14:39  Marauder  
  172  14:49  Marauder  
  172  14:51  Siege Tank  
  172  14:52  Viking  
  179  15:00  Siege Tank, Marauder  
  179  15:01  Medivac  
  179  15:05  Hellion  
  187  15:08  SCV  
  187  15:10  Marauder  
  187  15:11  Medivac  
  191  15:21  Viking, SCV  
  192  15:22  Marauder  
  192  15:23  Widow Mine  
  198  15:29  Infernal Pre-Igniter, Terran Vehicle And Ship Armor Level 2  
  198  15:32  Terran Infantry Armor Level 2  
  198  15:33  Terran Vehicle Weapons Level 3  
  198  15:46  SCV  
  198  15:56  Starport Tech Lab  
  198  16:04  Hi-Sec Auto Tracking  
  198  16:05  Fusion Core  
  195  16:14  Raven  
  195  16:15  Marauder  
  195  16:16  Marauder  
  186  16:19  Siege Tank  
  186  16:20  Marine  
  186  16:22  Hellion  
  186  16:23  Siege Tank  
  190  16:36  Marauder  
  190  16:37  Marauder  
  190  16:38  Viking  
  190  16:39  Viking  
  175  16:43  Siege Tank  
  171  16:51  Siege Tank  
  171  16:53  SCV  
  174  16:55  Siege Tank  
  174  16:57  Viking  
  174  16:58  Marauder  
  181  17:08  Viking  
  183  17:09  Viking  
  183  17:10  Liberator  
  188  17:15  Siege Tank  
  188  17:22  Liberator  
  188  17:24  Hellion  
  188  17:27  Siege Tank  
  189  17:30  Factory  
  189  17:32  Marine  
  189  17:35  Marauder  
  189  17:36  Marine  
  175  17:38  Medivac, Marine x2  
  169  17:45  Hellion  
  169  17:47  Siege Tank  
  169  17:49  SCV  
  169  17:51  Marauder  
  169  17:54  Marine  
  169  17:55  Marine  
  169  17:56  SCV, Marine  
  169  17:57  Marine  
  169  17:58  SCV  
  173  18:00  Hellion  
  173  18:01  SCV  
  173  18:04  Missile Turret  
  173  18:06  Siege Tank  
  173  18:07  Viking  
  173  18:10  Viking  
  173  18:11  SCV  
  173  18:12  Marine x2  
  180  18:14  SCV, Marine  
  180  18:16  SCV  
  180  18:17  SCV x2  
  180  18:19  Hellion, Siege Tank  
  185  18:21  Siege Tank, Marine x2  
  185  18:23  Viking, SCV  
  188  18:27  SCV  
  188  18:29  SCV  
  188  18:30  SCV, Marauder, Marine  
  188  18:31  Marine  
  192  18:34  Missile Turret  
  192  18:36  SCV  
  192  18:38  Hellion, Marine  
  192  18:39  Marine  
  192  18:40  Hellion  
  199  18:48  Marine  
  200  18:51  Terran Vehicle And Ship Armor Level 3  
  200  18:52  Terran Infantry Armor Level 3  
  200  18:53  Advanced Ballistics  
  200  18:56  Command Center  
  200  19:02  Missile Turret  
  200  19:07  Building Armor  
  200  19:25  Raven  
  200  19:27  Marine  
  200  19:28  Marine  
  200  19:29  Marine  
  200  19:30  Marine  
  185  19:31  Marine  
  185  19:36  Hellion  
  185  19:37  Siege Tank  
  185  19:38  Siege Tank  
  178  19:39  Viking  
  178  19:40  Viking  
  178  19:45  Marine  
  177  19:46  Hellion, Marine  
  177  19:47  Marine  
  177  19:48  Marine  
  177  19:49  Marine  
  177  19:52  Liberator x2  
  183  20:03  Marine  
  183  20:04  Marine  
  183  20:05  Marine  
  183  20:06  Marine  
  187  20:07  Marine  
  187  20:08  Viking  
  187  20:11  Planetary Fortress  
  194  20:20  Hellion  
  194  20:21  Liberator, Marine  
  177  20:22  Hellion, Marine  
  177  20:23  Marine  
  177  20:24  Marine  
  177  20:25  Marine  
  157  20:31  Hellion  
  157  20:34  Hellion  
  157  20:35  Liberator x2  
  139  20:39  Marine  
  139  20:40  Marauder  
  139  20:41  Hellion  
  139  20:42  Marine  
  136  20:43  Cyclone, Marine  
  136  20:44  Ghost Academy, Marine  
  138  20:52  Thor  
  138  20:55  SCV  
  138  20:56  Hellion  
  150  20:57  Marauder  
  150  21:00  Marine  
  150  21:01  Marine x2  
  150  21:02  Cyclone  
  150  21:04  Liberator, Marine  
  153  21:15  Cyclone  
  153  21:17  Hellion  
  157  21:18  Marine  
  157  21:19  Marauder  
  157  21:20  Marine  
  157  21:21  Marine  
  157  21:22  Marine  
  138  21:34  Thor  
  138  21:35  Medivac, Cyclone, Viking  
  138  21:38  Hellion, Ghost  
  138  21:39  Marine x2  
  157  21:40  Marine  
  157  21:42  Marine  
  157  21:46  Liberator  
  157  21:47  Widow Mine  
  157  21:53  Refinery  
  154  21:58  Marauder  
  154  21:59  Widow Mine, Marine x2  
  154  22:01  Marine  
  156  22:05  Medivac, Viking  
  156  22:06  Thor, Marine  
  151  22:16  Siege Tank  
  151  22:17  Siege Tank, Marine  
  151  22:19  Marauder  
  151  22:20  Marine  
  143  22:25  Marine  
  143  22:27  Widow Mine, Marine  
  139  22:34  Viking, Marine  
  139  22:35  Viking  
  140  22:40  Marine  
  140  22:41  Marauder  
  140  22:43  Marine  
  144  22:45  Marine  
  144  22:47  Viking  
  144  22:48  Liberator, Siege Tank  
  144  22:49  Thor  
  144  22:50  Hellion  
  158  22:52  Marine  
  158  22:57  Hellion  
  158  22:58  Marine  
  162  23:01  Marine, Marauder  
  162  23:03  Marine  
  162  23:04  Viking  
  171  23:10  Widow Mine  
  173  23:16  Marine x2  
  173  23:17  Viking  
  173  23:18  Hellion  
  176  23:20  Cyclone, Marine, Marauder  
  176  23:22  Ghost  
  165  23:31  Liberator  
  165  23:32  Siege Tank  
  165  23:34  Viking, Marine x2  
  165  23:39  Siege Tank  
  165  23:40  Hellion, Marine  
  175  23:41  Marauder  
  175  23:47  Viking  
  180  23:51  Marine, Marauder  
  180  23:52  Hellion, Marine  
  186  23:57  Marine  
  186  24:01  Hellion  
  191  24:03  Marauder  
  191  24:04  Viking  
  191  24:09  Marine  
  188  24:17  Medivac  
  188  24:18  Marine  
  188  24:20  Marine  
  188  24:22  Marine  
  188  24:23  Marine  
  190  24:27  Marine  
  190  24:29  Hellion  
  190  24:31  Medivac  
  187  24:34  Medivac  
  187  24:36  Marine  
  187  24:38  Marine  
  187  24:40  Marine  
  187  24:41  Marine  
  187  24:45  Marine  
  187  24:47  Liberator, Viking  
  189  24:54  Marauder  
  189  24:56  Marine  
  192  25:01  Viking, Marine  
  198  25:12  Personal Cloaking  
  198  25:14  High Capacity Fuel Tanks  
  198  25:17  Raven  
  199  25:46  Liberator  
  199  25:54  Viking  
  199  25:58  Marine  
  199  25:59  Raven, Marine x2  
  199  26:00  Marine  
  199  26:02  Siege Tank  
  193  26:07  Liberator  
  193  26:08  Hellion  
  193  26:11  Siege Tank  
  187  26:17  Command Center, Marauder x2  
  181  26:25  Liberator  
  181  26:27  Hellion  
  181  26:28  Command Center  
  181  26:29  Liberator, Siege Tank  
  181  26:35  Siege Tank  
  181  26:38  Marauder  
  181  26:39  Marauder  
  185  26:43  Hellion  
  193  26:48  Hellion  
  193  26:50  Liberator  
  193  26:53  Command Center  
  194  26:59  Marauder  
  194  27:00  Marauder  
  197  27:01  Hellion  
  198  27:21  Marauder  
  127  28:53  SCV  
  127  28:54  SCV  
  76  31:38  SCV  
  78  31:47  SCV  
  72  32:43  SCV  
  9  33:44  SCV  
  10  34:50  SCV  
  11  35:12  SCV  
  1  36:34  SCV  
Tags
 
Add a new tag
Caveats
  • Supply blocks, unpowered buildings, or Contaminate may cause inaccurate times.
  • Supply counts are checked every 10 seconds.